 Dungeon Crawl Stone Soup version 0.26.1-11-gd32895ea62 (webtiles) character file.

Game seed: 10515513939479742209

112 Descartes the Chucker (level 4, 0/41 HPs)
             Began as a Troll Hunter on Apr 19, 2021.
             Shot with a stone by a goblin (2 damage)
             ... led by Robin
             ... on level 3 of the Dungeon.
             The game lasted 00:02:58 (1721 turns).

Descartes the Chucker (Troll Hunter)                Turns: 1721, Time: 00:02:58

Health: 0/41       AC:  6    Str: 21    XL:     4   Next: 64%
Magic:  3/3        EV: 10    Int:  7    God:
Gold:   172        SH:  0    Dex: 10    Spells: 3/3 levels left

rFire    . . .     SeeInvis .     - Unarmed
rCold    . . .     Faith    .   (no shield)
rNeg     . . .     Spirit   .   b - +0 robe
rPois    .         Reflect  .   (helmet restricted)
rElec    .         Harm     .   (no cloak)
rCorr    .         Rampage  .   (gloves unavailable)
Will     .....                  (boots unavailable)
Stlth    +.........             (no amulet)
HPRegen  0.53/turn              (no ring)
MPRegen  0.08/turn              (no ring)

@: no status effects
A: large, unfitting armour, claws 3, regeneration 1, shaggy fur 1, tough skin 3
a: no special abilities


You were on level 3 of the Dungeon.
You visited 1 branch of the dungeon, and saw 3 of its levels.

You collected 172 gold pieces.

Inventory:

Hand Weapons
 a - a +0 short sword
Missiles
 c - 5 large rocks (quivered)
 d - 2 throwing nets
 g - 72 stones
 h - 29 poisoned darts
 m - 11 arrows
 s - 25 sling bullets
 x - 6 javelins
Armour
 b - a +0 robe (worn)
Jewellery
 o - an uncursed ring of flight {unknown}
 p - an uncursed ring of positive energy {unknown}
Scrolls
 e - 4 scrolls of remove curse {unknown}
 i - a scroll of fog {unknown}
 j - 3 scrolls of identify {unknown}
 k - a scroll of magic mapping {unknown}
 t - 2 scrolls of teleportation {unknown}
 u - a scroll of immolation {unknown}
Potions
 f - a potion of berserk rage {unknown}
 l - 2 potions of curing {unknown}
 n - 2 potions of might {unknown}
 q - 2 potions of brilliance {unknown}
 r - a potion of mutation {unknown}
 v - a potion of attraction {unknown}
 w - a potion of lignification {unknown}


   Skills:
 - Level 1.5 Fighting
 + Level 4.6 Throwing
 - Level 1.5 Dodging
 - Level 0.3 Stealth
 + Level 2.9 Unarmed Combat


You had 3 spell levels left.
You didn't know any spells.
Your spell library was empty.

Dungeon Overview and Level Annotations

Branches:
Dungeon (3/15)

Altars:
Fedhas

Annotations:
D:3 Robin


Innate Abilities, Weirdness & Mutations

You are too large for most types of armour.
You have claws for hands.
Your natural rate of healing is unusually fast.
You are covered in fur. (AC +1)
You have extremely tough skin. (AC +3)


Message History

You claw the orc wizard!
You kill the orc wizard!
The goblin barely misses you.
Unknown command.
You claw the goblin!
You kill the goblin!
The goblin misses you.
You scratch the goblin but do no damage.
The goblin wields a +0 hunting sling.
The goblin shoots a stone.
The stone barely misses you.
The stone hits the goblin.
The goblin dies!
You see here a stone.
Robin throws the goblin at you!
You completely miss the goblin.
The goblin shoots a stone.
The stone hits you.
* * * LOW HITPOINT WARNING * * *
You closely miss the goblin.
The goblin hits you with a cursed +0 club!
* * * LOW HITPOINT WARNING * * *
The goblin shoots a stone.
The stone hits you.
You die...

....... .......
....o.. ..go...
.....or #####
....... #...#
.....og####g#.#
###
.....grggg(@#.#
#..
......o######.#
### .......
#.....# ##
#######
#.####### #.
#.......# #.
#######.# #.
#.# #.
#.###########.
#............)


You could see Robin, 2 orcs, a quokka, 2 hobgoblins and 3 goblins.

Vanquished Creatures
  An orc wizard (D:3)
  2 adders
  An ooze (D:2)
  A worm (D:3)
  3 dart slugs
  A leopard gecko (D:1)
  A giant cockroach (D:2)
  9 goblins
  4 hobgoblins
  4 jackals (D:1)
  10 kobolds
  A ball python (D:1)
  5 bats
  2 frilled lizards (D:2)
  4 rats
49 creatures vanquished.

Vanquished Creatures (others)
  A goblin (D:3)
1 creature vanquished.

Grand Total: 50 creatures vanquished

Notes
Turn   | Place    | Note
-------+----------+-------------------------------------------
     0 | D:1      | Descartes the Troll Hunter began the quest for the Orb.
     0 | D:1      | Reached XP level 1. HP: 19/19 MP: 0/0
   130 | D:1      | Reached skill level 1 in Unarmed Combat
   136 | D:1      | Reached XP level 2. HP: 27/27 MP: 1/1
   373 | D:1      | Reached skill level 4 in Throwing
  1147 | D:2      | Reached XP level 3. HP: 30/33 MP: 2/2
  1431 | D:2      | Found a blossoming altar of Fedhas.
  1690 | D:3      | Identified the +0 helmet "Toonkaasu" {rPois Str+2 Dex+4
                  | Slay-5}
  1690 | D:3      | Noticed Robin
  1691 | D:3      | Reached XP level 4. HP: 41/41 MP: 3/3
  1721 | D:3      | HP: 2/41 [goblin/cursed +0 club[Robin] (10)]
  1721 | D:3      | Shot with a stone by a goblin

Illustrated notes

Levels and vault maps discovered:
D:1:      dpeg_arrival_shrine, layout_loops_corners, minmay_cut_off
D:2:      layout_rooms, lemuel_crystal_altar
D:3:      minmay_bubble_buster, layout_basic, uniq_robin, uniq_grinder,
          uniq_jessica

Skill      XL: |  1  2  3 |
---------------+----------+-----
Unarmed Combat | 1 2 |  2.9
Throwing       | 4 |  4.6
Fighting       | |  1.5
Dodging        | |  1.5
Stealth        | |  0.3

Action                   |  1- 3 |  4- 6 || total
-------------------------+-------+-------++-------
Melee: Unarmed           |   122 |    27 ||   149
       Punch             |     1 |       ||     1
 Stab: Sleeping          |     1 |       ||     1
Armor: Robe              |    62 |     8 ||    70
Dodge: Dodged            |    79 |    14 ||    93
